 Dungeon Crawl Stone Soup version 0.28.0-43-g3370ac3207 (webtiles) character file.

Game seed: 13478206310437490985

191 jimonade the Poker (level 5, -3/43 HPs)
             Began as a Gnoll Wanderer on Mar 19, 2022.
             Killed from afar by Ijyb (14 damage)
             ... with an iceblast
             ... on level 3 of the Dungeon.
             The game lasted 00:08:42 (5081 turns).

jimonade the Poker (Gnoll Wanderer)                 Turns: 5081, Time: 00:08:43

Health: -3/43      AC:  6    Str: 11    XL:     5   Next: 70%
Magic:  7/7        EV: 10    Int: 11    God:
Gold:   28         SH:  5    Dex: 14    Spells: 7/7 levels left

rFire   . . .      SeeInvis .   a - +2 spear
rCold   . . .      Faith    .   c - +0 buckler
rNeg    . . .      Spirit   .   l - +0 ring mail
rPois   .          Reflect  .   r - +0 helmet
rElec   .          Harm     .   (no cloak)
rCorr   .          Rampage  .   (no gloves)
Will    .....                   (no boots)
Stlth   +.........              (no amulet)
HPRegen 0.14/turn               (no ring)
MPRegen 0.10/turn               (no ring)

@: no status effects
A: fangs 1, strong nose, distributed training
a: no special abilities


You were on level 3 of the Dungeon.
You visited 1 branch of the dungeon, and saw 3 of its levels.

You collected 28 gold pieces.

Inventory:

Hand Weapons
 a - a +2 spear (weapon)
 b - a +0 falchion
 n - a +2 dagger of speed
 p - a +0 hunting sling
Missiles
 i - 3 poisoned darts
 k - 5 javelins (quivered)
 m - 24 bolts
 o - 49 stones
Armour
 c - a +0 buckler (worn)
 d - a +0 robe
 l - a +0 ring mail (worn)
 r - a +0 helmet (worn)
Jewellery
 g - a ring of protection from cold
Scrolls
 h - a scroll of noise {unknown}
 q - 2 scrolls of teleportation {unknown}
 s - 2 scrolls of identify {unknown}
 u - a scroll of silence {unknown}
 v - a scroll of enchant weapon {unknown}
Potions
 e - 2 potions of degeneration {unknown}
 f - a potion of curing {unknown}
 j - 3 potions of flight {unknown}
 t - a potion of resistance {unknown}
 w - a potion of cancellation {unknown}


   Skills:
 + Level 4.8 Fighting
 + Level 1.6 Short Blades
 + Level 3.0 Long Blades
 + Level 1.6 Axes
 + Level 1.6 Maces & Flails
 + Level 6.7 Polearms
 + Level 1.6 Staves
 + Level 1.6 Slings
 + Level 1.6 Bows
 + Level 1.6 Crossbows
 + Level 1.6 Throwing
 + Level 1.6 Armour
 + Level 1.6 Dodging
 + Level 1.6 Stealth
 + Level 4.8 Shields
 + Level 1.6 Unarmed Combat
 + Level 1.6 Spellcasting
 + Level 1.2 Conjurations
 + Level 1.2 Hexes
 + Level 1.2 Summonings
 + Level 1.2 Necromancy
 + Level 1.2 Translocations
 + Level 1.2 Transmutations
 + Level 1.2 Fire Magic
 + Level 1.2 Ice Magic
 + Level 1.2 Air Magic
 + Level 1.2 Earth Magic
 + Level 1.2 Poison Magic
 + Level 3.1 Invocations
 + Level 3.0 Evocations


You had 7 spell levels left.
You didn't know any spells.
Your spell library contained the following spells:

 Spells                   Type           Power      Damage    Failure   Level
 Magic Dart               Conj           12%        1d3       50%         1
 Call Imp                 Summ           3%         N/A       63%         2
 Mephitic Cloud           Conj/Pois/Air  3%         N/A       86%         3


Dungeon Overview and Level Annotations

Branches:
Dungeon (3/15)

Altars:
Trog

Annotations:
D:3 Ijyb


Innate Abilities, Weirdness & Mutations

You have very sharp teeth.
Your uncanny sense of smell can sniff out nearby items.
Your experience applies equally to all skills.


Message History

The worm is almost dead.
You hit the worm.
The worm is almost dead.
You block the worm's attack.
You hit the worm.
You kill the worm!
You see here a worm corpse.
w - a fizzy green potion
Items here: )))) [ †††.
You start resting.
HP restored.
Ijyb the Twisted Goblin comes into view.
She is wielding a +1 spectral club and carrying a wand of iceblast (13).
Ijyb shouts!
Ijyb zaps a wand.
The mass of ice explodes!
The iceblast engulfs you.
Ijyb zaps a wand.
The mass of ice explodes!
The iceblast engulfs you!
Items here: )))) [ ÷÷÷.
You reach to attack!
You hit Ijyb.
Ijyb is moderately wounded.
Ijyb zaps a wand.
The mass of ice explodes!
The iceblast engulfs you!
You are too injured to fight recklessly!
You are too injured to fight recklessly!
You are too injured to fight recklessly!
You are too injured to fight recklessly!
You are too injured to fight recklessly!
You are too injured to fight recklessly!
Unknown command.
Unknown command.
Unknown command.
Reach: a) +2 spear
Press: ? - help, Dir - move target, f/p - Ijyb
Aim: Ijyb, wielding a +1 spectral club, wearing a +0 leather armour and carrying a wand of iceblast (10) (moderately wounded, about 38% to evade your +2 spear)
You reach to attack!
You hit Ijyb.
Ijyb is moderately wounded.
Ijyb zaps a wand.
The mass of ice explodes!
The iceblast engulfs you!
* * * LOW HITPOINT WARNING * * *
You block Ijyb's attack. Ijyb hits you but does no damage.
You block Ijyb's attack.
Ijyb zaps a wand.
The mass of ice explodes!
The iceblast engulfs you!
You die...

#..##.# #.# ##.##.#
#.# ∆ #.##.# #.#
#..#.# #.# ##.#.#
#.# #...# #.# ##.g#
#.# #..##########.#
∆ #.@...........#
############..#####
#........ #...#####
#....†..# #........
#...###.# #........
#.#.###.#


You could see Ijyb.

Vanquished Creatures
  Jessica (D:3)
  Robin (D:1)
  5 adders
  4 gnolls
  3 worms
  A dart slug (D:3)
  3 orcs (D:3)
  3 ball pythons
  6 bats
  2 endoplasms
  A giant cockroach (D:3)
  8 goblins
  7 hobgoblins
  2 jackals (D:1)
  A quokka (D:1)
  4 frilled lizards
  4 kobolds
  7 rats
63 creatures vanquished.

Notes
Turn   | Place    | Note
-------+----------+-------------------------------------------
     0 | D:1      | jimonade the Gnoll Wanderer began the quest for the Orb.
     0 | D:1      | jimonade set off with the following items: a +2 spear, a +0
                  | falchion, a +0 buckler, a +0 robe
     0 | D:1      | Reached XP level 1. HP: 20/20 MP: 2/2
   210 | D:1      | Reached XP level 2. HP: 12/26 MP: 3/3
  1338 | D:1      | You fall into a shaft and drop 1 floor!
  1380 | D:1      | Reached XP level 3. HP: 17/31 MP: 4/4
  2399 | D:2      | Reached skill level 1 in Short Blades
  2399 | D:2      | Reached skill level 1 in Axes
  2399 | D:2      | Reached skill level 1 in Maces & Flails
  2399 | D:2      | Reached skill level 1 in Staves
  2399 | D:2      | Reached skill level 1 in Slings
  2399 | D:2      | Reached skill level 1 in Bows
  2399 | D:2      | Reached skill level 1 in Crossbows
  2399 | D:2      | Reached skill level 1 in Throwing
  2399 | D:2      | Reached skill level 1 in Armour
  2399 | D:2      | Reached skill level 1 in Dodging
  2399 | D:2      | Reached skill level 1 in Stealth
  2399 | D:2      | Reached skill level 1 in Unarmed Combat
  2399 | D:2      | Reached skill level 1 in Spellcasting
  2422 | D:2      | Reached XP level 4. HP: 36/38 MP: 6/6
  2980 | D:2      | Noticed Robin
  3033 | D:2      | Reached skill level 1 in Conjurations
  3033 | D:2      | Reached skill level 1 in Hexes
  3033 | D:2      | Reached skill level 1 in Summonings
  3033 | D:2      | Reached skill level 1 in Necromancy
  3033 | D:2      | Reached skill level 1 in Translocations
  3033 | D:2      | Reached skill level 1 in Transmutations
  3033 | D:2      | Reached skill level 1 in Fire Magic
  3033 | D:2      | Reached skill level 1 in Ice Magic
  3033 | D:2      | Reached skill level 1 in Air Magic
  3033 | D:2      | Reached skill level 1 in Earth Magic
  3033 | D:2      | Reached skill level 1 in Poison Magic
  3295 | D:1      | Killed Robin
  3715 | D:2      | Found a bloodstained altar of Trog.
  4087 | D:2      | Reached XP level 5. HP: 41/43 MP: 7/7
  4540 | D:3      | Noticed Jessica
  4548 | D:3      | Killed Jessica
  5040 | D:3      | Noticed Ijyb
  5081 | D:3      | Killed from afar by Ijyb

Illustrated notes

Levels and vault maps discovered:
D:1:      dpeg_arrival_round_c, layout_loops_corners, st_stairs_7
D:2:      layout_basic, basic_altar, minmay_pentomino_p2, uniq_robin
D:3:      layout_basic, uniq_jessica, uniq_ijyb

Skill      XL: |  1  2  3  4  5 |
---------------+----------------+-----
Short Blades   | 1 |  1.6
Axes           | 1 |  1.6
Maces & Flails | 1 |  1.6
Staves         | 1 |  1.6
Slings         | 1 |  1.6
Bows           | 1 |  1.6
Crossbows      | 1 |  1.6
Throwing       | 1 |  1.6
Armour         | 1 |  1.6
Dodging        | 1 |  1.6
Stealth        | 1 |  1.6
Unarmed Combat | 1 |  1.6
Spellcasting   | 1 |  1.6
Conjurations   | 1 |  1.2
Hexes          | 1 |  1.2
Summonings     | 1 |  1.2
Necromancy     | 1 |  1.2
Translocations | 1 |  1.2
Transmutations | 1 |  1.2
Fire Magic     | 1 |  1.2
Ice Magic      | 1 |  1.2
Air Magic      | 1 |  1.2
Earth Magic    | 1 |  1.2
Poison Magic   | 1 |  1.2
Invocations    | 3 |  3.1
Long Blades    | 3 |  3.0
Evocations     | 3 |  3.0
Fighting       | |  4.8
Polearms       | |  6.7
Shields        | |  4.8

Action                   |  1- 3 |  4- 6 || total
-------------------------+-------+-------++-------
Melee: Spear             |   101 |   126 ||   227
       Bite              |    14 |     8 ||    22
Throw: Dart              |     2 |     3 ||     5
 Stab: Sleeping          |     2 |     1 ||     3
Armor: Robe              |     7 |       ||     7
       Ring mail         |       |    15 ||    15
Dodge: Dodged            |    37 |    37 ||    74
Block: Buckler           |    19 |    19 ||    38
